ESL (28 & UNDER)
BUTLER WHITE SOX @ READING RAINBOWS
08/11/2028
 
TOP OF THE 1ST
Butler White Sox batting - Pitching for Reading Rainbows : LHP Armando Rodríguez
Pitching: LHP Armando Rodríguez
Batting: RHB Luis Fuentes 0-0: Ball
1-0: Ball
2-0: Called Strike
2-1: Foul Ball, location: 2F
2-2: Foul Ball, location: 2F
2-2: Ball
3-2: Foul Ball, location: 2F
3-2: Base on Balls
Batting: LHB Josh Pérez 0-0: Ball
1-0: Swinging Strike
1-1: Called Strike
1-2: Ball
2-2: Ball
3-2: Strikes out looking
Batting: RHB Bobby Murdock 0-0: Fly out, F5 (Line Drive, 56)
Batting: RHB Luis Ramos 0-0: Ground out 4-3 (Groundball, 34)
Top of the 1st over - 0 run(s), 0 hit(s), 0 error(s), 1 left on base; Butler 0 - Reading 0
BOTTOM OF THE 1ST
Reading Rainbows batting - Pitching for Butler White Sox : LHP Francisco Rodríguez
Pitching: LHP Francisco Rodríguez
Batting: RHB Richard Case 0-0: Ball
1-0: Ball
2-0: Foul Ball, location: 2F
2-1: Ball
3-1: Ground out 6-3 (Groundball, 6)
Batting: RHB José Moreno 0-0: Foul Ball, location: 2F
0-1: Ball
1-1: Called Strike
1-2: Ball
2-2: Ball
3-2: Strikes out looking
Batting: RHB Ethan Moore 0-0: Ball
1-0: Ball
2-0: Called Strike
2-1: Ground out 6-3 (Groundball, 6)
Bottom of the 1st over - 0 run(s), 0 hit(s), 0 error(s), 0 left on base; Butler 0 - Reading 0
TOP OF THE 2ND
Butler White Sox batting - Pitching for Reading Rainbows : LHP Armando Rodríguez
Batting: LHB Thomas Dixon 0-0: Called Strike
0-1: Ball
1-1: Ball
2-1: SINGLE (Line Drive, 56D)
Batting: RHB Tom Lang 0-0: Ball
1-0: Foul Ball, location: 2F
1-1: Ball
2-1: Ball
3-1: Base on Balls
Thomas Dixon to second
Batting: LHB Jim Knight 0-0: Ball
1-0: Foul Ball, location: 2F
1-1: Fly out, F8 (Flyball, 8RM)
Batting: RHB Jerry Moore 0-0: Grounds into double play, 5-4-3 (Groundball, 5)
Top of the 2nd over - 0 run(s), 1 hit(s), 0 error(s), 1 left on base; Butler 0 - Reading 0
BOTTOM OF THE 2ND
Reading Rainbows batting - Pitching for Butler White Sox : LHP Francisco Rodríguez
Batting: LHB Shane Lynch 0-0: Foul Ball, location: 2F
0-1: Ball
1-1: Ball
2-1: Called Strike
2-2: Foul Ball, location: 2F
2-2: Foul Ball, location: 2F
2-2: Ground out U3 (Groundball, 3)
Batting: RHB Jeff Townsley 0-0: Ball
1-0: SINGLE (Line Drive, 6MD)
Batting: LHB Richard Henry 0-0: Ball
1-0: Ball
2-0: Foul Ball, location: 2F
2-1: Foul Ball, location: 2F
2-2: Ball
3-2: Base on Balls
Jeff Townsley to second
Batting: SHB Dan Chandler 0-0: Foul Ball, location: 2F
0-1: Called Strike
0-2: Strikes out swinging
Batting: RHB Germán Romero 0-0: Called Strike
0-1: Foul Ball, location: 2F
0-2: Ball
1-2: Strikes out swinging, 2-3 out at first.
Bottom of the 2nd over - 0 run(s), 1 hit(s), 0 error(s), 2 left on base; Butler 0 - Reading 0
TOP OF THE 3RD
Butler White Sox batting - Pitching for Reading Rainbows : LHP Armando Rodríguez
Batting: SHB Giel Molendijk 0-0: Ball
1-0: Called Strike
1-1: SINGLE (Line Drive, 9LS)
Batting: RHB Luis Fuentes 0-0: Ball
1-0: Ball
2-0: SINGLE (Groundball, 34D)
Giel Molendijk to second
Runner from 2nd tries for 3rd, SAFE, throw made to third
Luis Fuentes to second
Batting: LHB Josh Pérez 0-0: Called Strike
0-1: Ball
Wild Pitch!
Giel Molendijk scores
Luis Fuentes to third
1-1: Foul Ball, location: 2F
1-2: Ball
2-2: Fly out, F7 (Line Drive, 78M)
Runner from 3rd tags up, SCORES, no throw
Batting: RHB Bobby Murdock 0-0: Called Strike
0-1: Foul Ball, location: 2F
0-2: Ball
1-2: Strikes out swinging
Batting: RHB Luis Ramos 0-0: Called Strike
0-1: Called Strike
0-2: Ball
1-2: SOLO HOME RUN (Flyball, 7D), Distance : 367 ft
Batting: LHB Thomas Dixon 0-0: Ball
1-0: Swinging Strike
1-1: Foul Ball, location: 2F
1-2: Fly out, F6 (Popup, 6D)
Top of the 3rd over - 3 run(s), 3 hit(s), 0 error(s), 0 left on base; Butler 3 - Reading 0
BOTTOM OF THE 3RD
Reading Rainbows batting - Pitching for Butler White Sox : LHP Francisco Rodríguez
Batting: RHB Hubert Brown 0-0: Ball
1-0: Ground out 6-3 (Groundball, 56)
Batting: RHB Richard Case 0-0: Called Strike
0-1: Ball
1-1: Ground out 5-3 (Groundball, 56)
Batting: RHB José Moreno 0-0: Ball
1-0: Ball
2-0: Ball
3-0: Base on Balls
Batting: RHB Ethan Moore 0-0: DOUBLE (Line Drive, 89D)
José Moreno to third
Runner from 3rd tries for Home, SAFE, no throw
Batting: LHB Shane Lynch 0-0: Ball
1-0: Fly out, F6 (Popup, 56)
Bottom of the 3rd over - 1 run(s), 1 hit(s), 0 error(s), 1 left on base; Butler 3 - Reading 1
TOP OF THE 4TH
Butler White Sox batting - Pitching for Reading Rainbows : LHP Armando Rodríguez
Batting: RHB Tom Lang 0-0: Foul Ball, location: 2F
0-1: Ball
1-1: Ball
2-1: Foul Ball, location: 2F
2-2: Ball
3-2: Base on Balls
Batting: LHB Jim Knight 0-0: Ball
1-0: Called Strike
1-1: Grounds into double play, 4-6-3 (Groundball, 4)
Batting: RHB Jerry Moore 0-0: Ball
1-0: Ball
2-0: Ball
3-0: Called Strike
3-1: Foul Ball, location: 2F
3-2: Foul Ball, location: 2F
3-2: Base on Balls
Batting: SHB Giel Molendijk 0-0: Called Strike
0-1: Swinging Strike
0-2: Fly out, F9 (Flyball, 9LS)
Top of the 4th over - 0 run(s), 0 hit(s), 0 error(s), 1 left on base; Butler 3 - Reading 1
BOTTOM OF THE 4TH
Reading Rainbows batting - Pitching for Butler White Sox : LHP Francisco Rodríguez
Batting: RHB Jeff Townsley 0-0: Called Strike
0-1: Called Strike
0-2: SOLO HOME RUN (Flyball, 7D), Distance : 374 ft
Batting: LHB Richard Henry 0-0: Ground out 4-3 (Groundball, 4)
Batting: SHB Dan Chandler 0-0: Ball
1-0: Ball
2-0: Called Strike
2-1: Swinging Strike
2-2: SINGLE (Line Drive, 3)
Batting: RHB Germán Romero Balk!
Dan Chandler to second
0-0: Ball
1-0: Called Strike
1-1: SINGLE (Flyball, 89S)
Dan Chandler to third
Runner from 3rd tries for Home, SAFE, no throw
Batting: RHB Hubert Brown 0-0: Ground out 5-3 (Groundball, 56S)
Germán Romero to second
Batting: RHB Richard Case 0-0: Swinging Strike
0-1: Foul Ball, location: 2F
0-2: Ball
1-2: Foul Ball, location: 2F
1-2: Ball
2-2: Foul Ball, location: 2F
2-2: Ground out 1-3 (Groundball, 13)
Bottom of the 4th over - 2 run(s), 3 hit(s), 0 error(s), 1 left on base; Butler 3 - Reading 3
TOP OF THE 5TH
Butler White Sox batting - Pitching for Reading Rainbows : LHP Armando Rodríguez
Batting: RHB Luis Fuentes 0-0: Fly out, F4 (Popup, 34D)
Batting: LHB Josh Pérez 0-0: Ball
1-0: Foul Ball, location: 2F
1-1: Called Strike
1-2: Ball
2-2: Foul Ball, location: 2F
2-2: Strikes out looking
Batting: RHB Bobby Murdock 0-0: Ball
1-0: Swinging Strike
1-1: Ball
2-1: Ball
3-1: Called Strike
3-2: Base on Balls
Batting: RHB Luis Ramos 0-0: Called Strike
0-1: Called Strike
0-2: Strikes out swinging
Top of the 5th over - 0 run(s), 0 hit(s), 0 error(s), 1 left on base; Butler 3 - Reading 3
BOTTOM OF THE 5TH
Reading Rainbows batting - Pitching for Butler White Sox : LHP Francisco Rodríguez
Batting: RHB José Moreno 0-0: Foul Ball, location: 2F
0-1: Ball
1-1: Foul Ball, location: 2F
1-2: Strikes out swinging
Batting: RHB Ethan Moore 0-0: Ball
1-0: Ground out 4-3 (Groundball, 4)
Batting: LHB Shane Lynch 0-0: Swinging Strike
0-1: Called Strike
0-2: DOUBLE (Flyball, 78D)
Batting: RHB Jeff Townsley 0-0: Ball
1-0: Ball
2-0: Ball
3-0: Base on Balls
Batting: LHB Richard Henry 0-0: Called Strike
0-1: Called Strike
0-2: Fly out, F8 (Flyball, 8RS)
Bottom of the 5th over - 0 run(s), 1 hit(s), 0 error(s), 2 left on base; Butler 3 - Reading 3
TOP OF THE 6TH
Butler White Sox batting - Pitching for Reading Rainbows : LHP Armando Rodríguez
Batting: LHB Thomas Dixon 0-0: Called Strike
0-1: Ground out 4-3 (Groundball, 4)
Batting: RHB Tom Lang 0-0: Ball
1-0: Called Strike
1-1: Swinging Strike
1-2: Foul Ball, location: 2F
1-2: Ball
2-2: Ground out 1-3 (Groundball, 15)
Batting: LHB Jim Knight 0-0: Ball
1-0: Called Strike
1-1: Ball
2-1: Ball
3-1: Fly out, F8 (Flyball, 8LM)
Top of the 6th over - 0 run(s), 0 hit(s), 0 error(s), 0 left on base; Butler 3 - Reading 3
BOTTOM OF THE 6TH
Reading Rainbows batting - Pitching for Butler White Sox : LHP Francisco Rodríguez
Batting: SHB Dan Chandler 0-0: Called Strike
0-1: Bunt for hit - play at first, batter OUT! 1-3
Batting: RHB Germán Romero 0-0: Swinging Strike
0-1: Swinging Strike
0-2: Ball
1-2: Ball
2-2: Ball
3-2: Strikes out looking
Batting: RHB Hubert Brown 0-0: Called Strike
0-1: Ball
1-1: Called Strike
1-2: Strikes out swinging
Bottom of the 6th over - 0 run(s), 0 hit(s), 0 error(s), 0 left on base; Butler 3 - Reading 3
TOP OF THE 7TH
Butler White Sox batting - Pitching for Reading Rainbows : LHP Armando Rodríguez
Pitching: LHP Robert Trent
Batting: RHB Jerry Moore 0-0: Called Strike
0-1: Ball
1-1: Fly out, F5 (Popup, 56S)
Batting: SHB Giel Molendijk 0-0: Ball
1-0: Called Strike
1-1: Foul Ball, location: 2F
1-2: Foul Ball, location: 2F
1-2: Strikes out swinging
Batting: RHB Luis Fuentes 0-0: Ball
1-0: Ball
2-0: Ball
3-0: Called Strike
3-1: Base on Balls
Batting: LHB Josh Pérez 0-0: Ball
1-0: Ball
2-0: Ball
3-0: Base on Balls
Luis Fuentes to second
Batting: RHB Bobby Murdock 0-0: Ball
1-0: Ball
2-0: Foul Ball, location: 2F
2-1: Foul Ball, location: 2F
2-2: Fielders Choice at 2nd, 5-4 (Groundball, 56)
Top of the 7th over - 0 run(s), 0 hit(s), 0 error(s), 1 left on base; Butler 3 - Reading 3
BOTTOM OF THE 7TH
Reading Rainbows batting - Pitching for Butler White Sox : LHP Francisco Rodríguez
Pitching: LHP Todd Anderson
Batting: RHB Richard Case 0-0: Called Strike
0-1: Ball
1-1: Ball
2-1: Ball
3-1: Called Strike
3-2: Base on Balls
Batting: RHB José Moreno 0-0: Ball
1-0: Sac Bunt - play at first, batter OUT! 1-4
Richard Case to second
Batting: RHB Ethan Moore 0-0: Intentional Walk
Pinch Hitting: RHB Ron King 0-0: Ball
Ethan Moore is caught stealing 2nd base
1-0: Ball
2-0: Called Strike
2-1: Ball
3-1: Base on Balls
Batting: RHB Jeff Townsley 0-0: Called Strike
0-1: Swinging Strike
0-2: Strikes out swinging
Bottom of the 7th over - 0 run(s), 0 hit(s), 0 error(s), 2 left on base; Butler 3 - Reading 3
TOP OF THE 8TH
Butler White Sox batting - Pitching for Reading Rainbows : LHP Robert Trent
Now at 2B: Ron King
Batting: RHB Luis Ramos 0-0: Ball
1-0: Ball
2-0: Ground out 4-3 (Groundball, 4)
Batting: LHB Thomas Dixon 0-0: SINGLE (Line Drive, 9)
Batting: RHB Tom Lang 0-0: Called Strike
0-1: Called Strike
0-2: Ball
1-2: Ball
2-2: Grounds into double play, 6-4-3 (Groundball, 6)
Top of the 8th over - 0 run(s), 1 hit(s), 0 error(s), 0 left on base; Butler 3 - Reading 3
BOTTOM OF THE 8TH
Reading Rainbows batting - Pitching for Butler White Sox : LHP Todd Anderson
Batting: LHB Richard Henry 0-0: Ball
1-0: Ball
2-0: Ball
3-0: Called Strike
3-1: Foul Ball, location: 2F
3-2: Strikes out swinging
Pinch Hitting: RHB Louis Smith 0-0: Foul Ball, location: 2F
0-1: Called Strike
0-2: Foul Ball, location: 2F
0-2: Foul Ball, location: 2F
0-2: Ball
1-2: Ball
2-2: Foul Ball, location: 2F
2-2: Ball
3-2: SINGLE (Popup, 4MD)
Pinch Runner at 1st Carlos Huerta:
Batting: RHB Germán Romero 0-0: Ball
1-0: Foul Ball, location: 2F
1-1: Ball
2-1: Foul Ball, location: 2F
2-2: Foul Ball, location: 2F
2-2: Foul Ball, location: 2F
2-2: Strikes out swinging
Batting: RHB Hubert Brown 0-0: Called Strike
0-1: Called Strike
0-2: Strikes out swinging
Bottom of the 8th over - 0 run(s), 1 hit(s), 0 error(s), 1 left on base; Butler 3 - Reading 3
TOP OF THE 9TH
Butler White Sox batting - Pitching for Reading Rainbows : LHP Robert Trent
Pitching: RHP Luis Silva
Now in RF: Carlos Huerta
Batting: LHB Jim Knight 0-0: Ball
1-0: DOUBLE (Line Drive, 89XD)
Pinch Hitting: LHB Denny Allen 0-0: Intentional Walk
Batting: SHB Giel Molendijk 0-0: Sac Bunt - play at first, batter OUT! 1-4
Jim Knight to third
Denny Allen to second
Pinch Hitting: LHB Sean Perkins 0-0: Called Strike
0-1: Foul Ball, location: 2F
0-2: Foul Ball, location: 2F
0-2: SINGLE (Line Drive, 6MD)
Jim Knight scores
Denny Allen to third
Runner from 3rd tries for Home, SAFE, no throw
Pitching: RHP Cory Powell
Batting: LHB Josh Pérez 0-0: Swinging Strike
0-1: Ball
1-1: Swinging Strike
1-2: Foul Ball, location: 2F
1-2: Foul Ball, location: 2F
1-2: Foul Ball, location: 2F
1-2: Foul Ball, location: 2F
1-2: Ball
2-2: Fielders Choice at 2nd, 4-6 (Groundball, 4)
Batting: RHB Bobby Murdock 0-0: Ball
1-0: Foul Ball, location: 2F
1-1: Called Strike
Josh Pérez steals 2nd base
1-2: Ball
2-2: Ground out 6-3 (Groundball, 6)
Top of the 9th over - 2 run(s), 2 hit(s), 0 error(s), 1 left on base; Butler 5 - Reading 3
BOTTOM OF THE 9TH
Reading Rainbows batting - Pitching for Butler White Sox : LHP Todd Anderson
Pitching: RHP Archie Summers
Now at 2B: Tomás Escobar
Now at 3B: Júlio Hernández
Batting: RHB Richard Case 0-0: Called Strike
0-1: Ball
1-1: Called Strike
1-2: Foul Ball, location: 2F
1-2: Ball
2-2: Strikes out swinging
Batting: RHB José Moreno 0-0: Ball
1-0: Called Strike
1-1: Ball
2-1: Ground out 6-3 (Groundball, 6S)
Batting: RHB Ethan Moore 0-0: Ball
1-0: Swinging Strike
1-1: Ball
2-1: Ball
3-1: Ground out 6-3 (Groundball, 56)
Bottom of the 9th over - 0 run(s), 0 hit(s), 0 error(s), 0 left on base; Butler 5 - Reading 3
Tuesday, August 8th, 2017 - OOTP Baseball 17.12 Build 75